 Dungeon Crawl Stone Soup version 0.23.0 (webtiles) character file.

Game seed: 3429655147145383942

629519 Astolfo the Conqueror (level 27, 0/273 HPs)
             Began as a Hill Orc Fighter on Feb 14, 2019.
             Was a Priest of Trog.
             Killed from afar by an orb of fire (21 damage)
             ... with a fireball
             ... on level 4 of the Realm of Zot on Feb 15, 2019.
             The game lasted 03:34:41 (65245 turns).

Astolfo the Conqueror (Hill Orc Fighter)           Turns: 65245, Time: 03:34:41

Health: 0/273      AC: 35    Str: 30    XL:     27
Magic:  10/10      EV: 16    Int:  8    God:    Trog [***...]
Gold:   3654       SH: 29    Dex: 12    Spells: 26/26 levels left

rFire    + + .     SeeInvis .   J - +4 broad axe (antimagic)
rCold    + . .     Gourm    .   X - +2 large shield
rNeg     . . .     Faith    .   z - +5 plate armour {rF+}
rPois    .         Spirit   .   v - +2 helmet
rElec    +         Reflect  .   L - +2 cloak
rCorr    +         Harm     .   W - +2 pair of gloves
MR       +++++     Rnd*Tele +   m - +0 pair of boots of Plasticity {rCorr}
Stlth    ..........             V - amulet of regeneration
HPRegen  1.00/turn              S - ring "Nezoneda" {rC+ MR+}
MPRegen  0.12/turn              N - ring "Pegryac" {rElec rF+ MR+ Str+2}

@: lethally poisoned (0 -> -1), regenerating, lightly drained
A: clumsy 1, deformed body, deterioration 1, inhibited regeneration,
teleportitis 1
}: 3/15 runes: serpentine, barnacled, silver
a: Berserk, Trog's Hand, Renounce Religion


You were on level 4 of the Realm of Zot.
You worshipped Trog.
Trog was most pleased with you.
You were not hungry.

You visited 11 branches of the dungeon, and saw 50 of its levels.
You also visited: Ice Cave.

You collected 7650 gold pieces.
You spent 3996 gold pieces at shops.

Inventory:

Hand Weapons
 J - a +4 antimagic broad axe (weapon)
 M - a +9 broad axe of freezing
Missiles
 k - 1337 stones (quivered)
 B - 10 throwing nets {!f}
Armour
 m - the +0 pair of boots of Plasticity (worn) {rCorr}
   (You bought it in a shop on level 1 of the Snake Pit)

   It provides partial protection from all sources of acid and corrosion.
 v - a +2 helmet (worn)
 z - a +5 plate armour of fire resistance (worn)
 L - a +2 cloak (worn)
 W - a +2 pair of gloves (worn)
 X - a +2 large shield (worn)
Jewellery
 a - an uncursed ring of see invisible
 t - the ring of Abogrutu {rC+ rN+ Int+3 Dex+2}
   (You found it on level 6 of the Lair of Beasts)

   [ring of dexterity]

   It affects your intelligence (+3).
   It affects your dexterity (+2).
   It protects you from cold.
   It protects you from negative energy.
 x - a +2 ring of protection
 y - an uncursed ring of poison resistance
 N - the ring "Pegryac" (right hand) {rElec rF+ MR+ Str+2}
   (You found it on level 3 of the Vaults)

   [ring of protection from fire]

   It affects your strength (+2).
   It protects you from fire.
   It insulates you from electricity.
   It affects your resistance to hostile enchantments.
 Q - a +3 ring of protection
 S - the ring "Nezoneda" (left hand) {rC+ MR+}
   (You bought it in a shop on level 1 of the Snake Pit)

   [ring of protection from cold]

   It protects you from cold.
   It affects your resistance to hostile enchantments.
 V - an amulet of regeneration (around neck)
Wands
 b - a wand of disintegration (37)
 i - a wand of digging (30)
 A - a wand of iceblast (24)
 G - a wand of clouds (11)
 I - a wand of acid (42)
 P - a wand of paralysis (37)
 T - a wand of enslavement (2)
Scrolls
 f - 7 scrolls of immolation {!r}
 j - 8 scrolls of fog
 n - 3 scrolls of magic mapping
 o - 18 scrolls of remove curse
 q - a scroll of blinking
 D - 2 scrolls of identify
 F - 4 scrolls of fear
 H - 5 scrolls of teleportation
 K - 2 scrolls of summoning
 O - 4 scrolls of silence
Potions
 c - a potion of magic
 h - 12 potions of flight
 l - 2 potions of berserk rage
 p - 2 potions of cancellation
 w - 7 potions of brilliance
 C - 10 potions of lignification {!q}
 U - 6 potions of ambrosia
 Y - 2 potions of mutation {!q!q}
 Z - 2 potions of agility
Miscellaneous
 g - a sack of spiders
 E - a lamp of fire
 R - a lightning rod (4/4) {!a}
Comestibles
 d - a chunk of flesh
 e - 57 rations


   Skills:
 O Level 27(26.5) Fighting
 - Level 18.0(17.6) Axes
 + Level 25.0(24.6) Armour
 - Level 15.3(14.9) Dodging
 + Level 25.5(25.1) Shields
 - Level 10.1(9.8) Evocations


You had 26 spell levels left.
You didn't know any spells.
Your spell library was empty.

Dungeon Overview and Level Annotations

Branches:
Dungeon (15/15)            Temple (1/1) D:6            Lair (6/6) D:8
 Shoals (4/4) Lair:3        Snake (4/4) Lair:4        Slime (0/5) Lair:6
    Orc (2/2) D:9             Elf (3/3) Orc:2        Vaults (5/5) D:14
  Crypt (1/3) Vaults:3     Depths (5/5) D:15            Zot (4/5) Depths:5

Altars:
Ashenzari
Cheibriados
Dithmenos
Gozag
Makhleb
Okawaru
Trog
Uskayaw
Vehumet
Xom
Yredelemnul
Beogh
Jiyva

Shops:
D:5 ?%!   D:13 ?   Orc:2 :%(!   Elf:1 *::   Elf:2 *   Shoals:2 *   Snake:1 *=[*
Snake:2 [   Snake:4 [   Vaults:2 [*}   Vaults:4 =[*?   Depths:2 *
Depths:5 =}=

Portals:
Hell: Lair:6 Depths:1 Depths:2 Depths:3 Depths:4 Depths:5
Abyss: Depths:2 Depths:4
Pandemonium: Depths:3 Depths:4
Ziggurat: Depths:1

Annotations:
D:6 1 runed translucent door, TrashTierHero's ghost, novice FoFi
D:9 1 runed translucent door, exclusion: door
D:10 exclusion: downstairs
D:14 exclusion: obsidian statue
D:15 16 exclusions
Lair:4 exclusion: oklob plant
Depths:1 exclusion: door
Depths:2 exclusions: door, upstairs and 8 more exclusions


Innate Abilities, Weirdness & Mutations

You are clumsy. (Dex -2)
Armour fits poorly on your strangely shaped body.
Your body sometimes deteriorates upon taking damage.
You do not regenerate when monsters are visible.
You are occasionally teleported next to monsters.


Message History

As you read the scroll of blinking, it crumbles to dust.
You feel the effects of Trog's Hand fading.
You feel sick.
You feel sick.
You slash the orb of fire!
The orb of fire's magic leaks into the air.
The orb of fire is heavily damaged.
You feel sick.
You hit the orb of fire but do no damage.
The orb of fire is heavily damaged.
You feel sick.
You hit the orb of fire but do no damage.
The orb of fire is heavily damaged.
You feel sick.
You miss the orb of fire.
The orb of fire is heavily damaged.
You feel sick.
The orb of fire glows bright magenta.
The fireball explodes!
The fireball engulfs you!! You resist.
You die...

####..>..##.#.#
##........)#...#
#...####........
#....#.....##...
##.........##...
#####.......#.####.
##.#.###...##### ##
#.....##....### ###
##..@..###.....####..
#...*....).....#..#..
*#...#....###......##.
#....##....##.......#.
*#...##....#####.....##
#....,##...#...#.#####
#....,,#.###...#...###
#..#.,...# #.........##
**,*.....#*##.........#


You could see an orb of fire.

Vanquished Creatures
  An ancient lich (Vaults:5)
  An orb of fire (Zot:1)
  A juggernaut (Depths:3)
  Vashnia (Snake:2)
  Nikola (Shoals:1)
  6 golden dragons
  2 bone dragons
  An iron giant (shapeshifter) (Vaults:5)
  An electric golem (Zot:1)
  Rupert (Lair:6)
  24 tentacled monstrosities
  6 titans
  5 quicksilver dragons
  7 death cobs
  3 liches
  4 sphinxes
  2 krakens
  2 deep elf blademasters
  Agnes (Snake:4)
  6 tengu reavers
  3 shadow dragons
  11 nagarajas
  An azure jelly (shapeshifter) (Vaults:5)
  4 draconian monks
  11 storm dragons
  14 frost giants
  12 fire giants
  A draconian scorcher (Zot:3)
  A ghost moth (shapeshifter) (Vaults:5)
  A draconian knight (Zot:1)
  2 deep elf sorcerers
  6 iron dragons
  Louise (Snake:2)
  21 vault wardens
  3 draconian stormcallers
  A ghoul (Vaults:4)
  14 ironheart preservers
  29 very ugly things
  3 deep elf elementalists
  2 war gargoyles (Vaults:5)
  5 draconian shifters
  3 draconian annihilators
  2 spriggan defenders (Depths:4)
  2 entropy weavers
  34 stone giants
  A deep elf demonologist (Vaults:5)
  12 black draconians
  6 green draconians
  3 vampire knights
  A deep elf annihilator (Depths:4)
  4 yellow draconians
  5 red draconians
  6 spark wasps
  8 purple draconians
  9 white draconians
  Azrael (Orc:2)
  A small abomination (Depths:5)
  4 merfolk javelineers
  3 deep elf death magi
  20 ettins
  A quicksilver dragon zombie (Depths:3)
  A crystal guardian (Vaults:4)
  16 fire dragons
  3 deep elf high priests
  9 merfolk impalers
  4 great orbs of eyes
  22 yaktaur captains
  39 vault guards
  A quicksilver dragon skeleton (Depths:3)
  6 rakshasas
  A fire dragon (shapeshifter) (Depths:4)
  5 hydras
  12 naga warriors
  2 alligator snapping turtles
  18 anacondas
  A catoblepas (Shoals:3)
  7 spriggan air magi
  3 death knights
  9 ice dragons
  4 merfolk avatars
  A merfolk aquamancer (Shoals:4)
  13 deep troll shamans
  13 deep troll earth magi
  43 two-headed ogres
  A queen ant (Lair:3)
  25 dancing weapons
  11 tengu warriors
  8 centaur warriors
  2 satyrs (Shoals:3)
  16 ogre magi
  7 shock serpents
  3 vampire magi
  8 orc high priests
  4 spriggan berserkers
  12 naga sharpshooters
  5 hell knights (Depths:5)
  9 iron trolls
  A soul eater (Vaults:3)
  16 deep elf knights
  9 skeletal warriors
  2 salamander mystics
  2 shadow wraiths
  A storm dragon skeleton (Depths:3)
  11 sea snakes
  2 swamp dragons (shapeshifter)
  A sea snake (shapeshifter) (Vaults:1)
  37 deep trolls
  A glowing orange brain (shapeshifter) (D:11)
  3 flayed ghosts
  A swamp dragon (Depths:2)
  3 unseen horrors
  3 glowing orange brains
  9 deep elf archers
  A shadow dragon zombie (Vaults:3)
  7 naga ritualists
  6 phantasmal warriors (Vaults:5)
  5 wizards
  22 ironbrand convokers
  A sphinx zombie (Vaults:3)
  A fire giant zombie (Depths:3)
  7 necromancers
  2 orc sorcerers
  14 orc knights
  41 ugly things
  44 deep elf magi
  15 harpies
  2 wolf spider zombies
  8 mana vipers
  5 salamanders
  4 wolf spiders
  8 cyclopes
  A manticore (shapeshifter) (Depths:5)
  5 merfolk sirens
  3 cyclopes (shapeshifter)
  9 fauns
  A human skeleton (Vaults:3)
  Maurice (D:9)
  17 manticores
  41 black mambas
  A moth of wrath (shapeshifter) (Vaults:1)
  A black mamba (shapeshifter) (Depths:3)
  6 elephants (Lair:5)
  A guardian serpent (shapeshifter) (Vaults:4)
  18 moths of wrath
  17 vault sentinels
  15 naga magi
  7 water nymphs
  14 guardian serpents
  A smoke demon (Lair:6)
  2 orange demons (Lair:6)
  3 centaur skeletons
  25 freezing wraiths
  2 gargoyles
  67 yaktaurs
  A yaktaur zombie (Vaults:3)
  8 spiny frogs
  3 kobold demonologists
  An efreet (D:13)
  7 rime drakes
  A komodo dragon (shapeshifter) (Depths:4)
  An ice devil (Lair:6)
  An entropy weaver simulacrum (Vaults:1)
  A guardian mummy (Depths:2)
  24 merfolk
  6 komodo dragons
  A meliai (shapeshifter) (Vaults:2)
  5 tengu conjurers
  7 wind drakes
  8 trolls
  A polar bear (shapeshifter) (Vaults:4)
  4 tyrant leeches (Depths:5)
  Grinder (D:3)
  7 hornets
  A tengu simulacrum (Vaults:1)
  A hippogriff (shapeshifter) (Vaults:1)
  A polar bear (Lair:6)
  18 slime creatures
  9 snapping turtles
  2 raiju (shapeshifter)
  A fire giant simulacrum (Vaults:3)
  11 hippogriffs
  3 blink frogs (Lair:4)
  6 dream sheep
  A shadow (D:8)
  2 large abominations (Elf:1)
  Sigmund (D:3)
  A redback (Vaults:2)
  2 spriggans (Depths:4)
  3 wraiths
  2 centaur simulacra
  2 spriggans (shapeshifter)
  2 air elementals
  A vampire (Depths:2)
  3 fire elementals
  14 water elementals
  41 yaks
  2 basilisks (Lair:1)
  A golden eye (shapeshifter) (Vaults:1)
  4 wyverns
  A steam dragon (D:8)
  A yak (shapeshifter) (Vaults:4)
  3 basilisks (shapeshifter)
  A death yak simulacrum (IceCv)
  3 hungry ghosts
  A human simulacrum (Vaults:1)
  41 nagas
  10 wargs
  10 soldier ants
  A soldier ant (shapeshifter) (Vaults:1)
  3 acid dragons
  7 hell hounds
  A floating eye (Depths:4)
  16 water moccasins
  11 porcupines
  3 sky beasts
  19 ice beasts
  2 phantoms
  An ettin simulacrum (Vaults:3)
  A necrophage (D:11)
  39 orc warriors
  An eye of draining (D:14)
  19 boggarts
  2 black bears
  53 ogres
  16 wolves
  31 centaurs
  12 crocodiles
  6 elf zombies
  3 big kobolds (D:14)
  A big kobold (shapeshifter) (Vaults:4)
  12 bullfrogs
  7 earth elementals
  2 water moccasin zombies
  2 wyvern skeletons
  2 scorpions (D:11)
  16 killer bees
  An elephant simulacrum (IceCv)
  24 wights
  4 howler monkeys
  3 electric eels
  9 crimson imps
  A lava snake (D:14)
  2 bullfrog zombies
  4 centaur zombies
  10 jellies
  A quasit (D:8)
  9 hounds
  A bullfrog skeleton (D:13)
  23 orc wizards
  An iron imp (Depths:1)
  34 orc priests
  7 hell rats (Lair:4)
  4 iguanas
  2 spriggan simulacra (IceCv)
  2 troll simulacra (IceCv)
  32 worker ants
  2 killer bee zombies
  2 wolf simulacra (IceCv)
  2 worker ant zombies
  7 gnolls
  14 adders
  2 naga simulacra (IceCv)
  An ogre simulacrum (IceCv)
  2 shadow imps (D:12)
  12 white imps
  An adder zombie (D:8)
  3 worms
  5 dart slugs
  5 leopard geckos
  120 orcs
  9 giant cockroaches
  8 goblins
  6 hobgoblins
  A jackal (D:1)
  3 quokkas
  5 bats
  2 frilled lizards
  13 kobolds
  A leopard gecko skeleton (D:8)
  A leopard gecko zombie (D:7)
  A quokka zombie (D:10)
  17 rats
  A fire vortex (D:14)
  2 fungi
  5 plants
  3 tentacles
2258 creatures vanquished.

Vanquished Creatures (collateral kills)
  A golden dragon (Zot:2)
  2 tentacled monstrosities (Zot:2)
  Asterion (Snake:1)
  2 titans
  Polyphemus (Shoals:3)
  A sphinx (Vaults:5)
  A storm dragon (Depths:4)
  A vault warden (Vaults:2)
  A draconian stormcaller (Zot:3)
  3 draconian shifters
  A stone giant (Vaults:5)
  A draconian annihilator (Zot:1)
  A vampire knight (Depths:4)
  A red draconian (Zot:3)
  A deep elf annihilator (Elf:3)
  A merfolk impaler (Shoals:4)
  2 deep elf death magi
  An ettin (Depths:4)
  2 fire dragons
  3 ice dragons
  A vault guard (Vaults:5)
  A hydra (shapeshifter) (Vaults:1)
  A hydra (D:11)
  A merfolk avatar (Shoals:4)
  4 two-headed ogres
  An ogre mage (Vaults:2)
  4 death yaks (Shoals:3)
  3 deep troll shamans
  A deep troll earth mage (Vaults:1)
  2 orc high priests (Orc:2)
  A sun demon (Lair:6)
  An iron troll (Depths:1)
  A sea snake (Shoals:4)
  5 deep trolls
  2 flayed ghosts
  A deep elf mage (Vaults:1)
  An ugly thing (Vaults:1)
  2 cyclopes
  A moth of wrath (Zot:3)
  2 manticores
  A merfolk siren (Shoals:3)
  A guardian serpent (shapeshifter) (Depths:4)
  2 water nymphs
  An orange demon (Lair:6)
  A yaktaur (Vaults:1)
  2 freezing wraiths (IceCv)
  A red devil (Lair:6)
  3 merfolk (Shoals:4)
  A polar bear (shapeshifter) (Depths:1)
  5 slime creatures (Vaults:1)
  10 dream sheep
  2 snapping turtles (Shoals:4)
  A warg (Orc:2)
  2 soldier ants (Lair:3)
  An acid dragon (Vaults:2)
  5 ogres
  A draconian simulacrum (IceCv)
  An orc priest (Orc:2)
  An orc wizard (Orc:2)
  5 worker ants (Lair:3)
  A naga simulacrum (IceCv)
  A white imp (IceCv)
  4 orcs (Orc:2)
117 creatures vanquished.

Vanquished Creatures (others)
  A lich (Depths:5)
  An ogre mage (Vaults:1)
  A two-headed ogre (Vaults:2)
  A small abomination (Elf:3)
  A sea snake (Shoals:4)
  A salamander (Snake:4)
  A komodo dragon (Lair:6)
  A naga (Snake:4)
  3 ogres
  An orc wizard (Vaults:1)
  A ball lightning (Depths:2)
  15 fungi
  8 plants
  40 tentacles
  4 toadstools (D:14)
80 creatures vanquished.

Grand Total: 2455 creatures vanquished

Notes
Turn   | Place    | Note
-------+----------+-------------------------------------------
     0 | D:1      | Astolfo the Hill Orc Fighter began the quest for the Orb.
     0 | D:1      | Reached XP level 1. HP: 19/19 MP: 1/1
   169 | D:1      | Reached XP level 2. HP: 19/27 MP: 2/2
   846 | D:1      | Reached skill level 4 in Fighting
   984 | D:2      | Reached XP level 3. HP: 25/33 MP: 3/3
  1525 | D:2      | Reached XP level 4. HP: 31/41 MP: 4/4
  2078 | D:2      | Noticed a moth of wrath
  2081 | D:2      | Found a bloodstained altar of Trog.
  2135 | D:2      | Became a worshipper of Trog the Wrathful
  2228 | D:3      | Reached XP level 5. HP: 43/47 MP: 5/5
  2532 | D:3      | Noticed Grinder
  2541 | D:3      | Reached * piety under Trog
  2547 | D:3      | Killed Grinder
  2547 | D:3      | Reached skill level 5 in Fighting
  2547 | D:3      | Reached skill level 5 in Axes
  2547 | D:3      | Reached skill level 5 in Shields
  2547 | D:3      | Reached XP level 6. HP: 34/56 MP: 6/6
  2851 | D:3      | Noticed Sigmund
  2865 | D:3      | Killed Sigmund
  2865 | D:3      | Reached skill level 5 in Armour
  2865 | D:3      | Reached XP level 7. HP: 62/62 MP: 7/7
  2866 | D:3      | Reached skill level 6 in Fighting
  3072 | D:3      | Found an opulent altar of Gozag.
  3908 | D:4      | Found a shimmering altar of Xom.
  3908 | D:4      | Found a burning altar of Makhleb.
  4002 | D:5      | Entered Level 5 of the Dungeon
  4010 | D:5      | Reached XP level 8. HP: 71/71 MP: 5/8
  4155 | D:5      | Reached skill level 7 in Fighting
  4204 | D:5      | Found Xunocot's Distillery.
  4212 | D:5      | Bought a potion of heal wounds for 70 gold pieces
  4212 | D:5      | Bought a potion of curing for 42 gold pieces
  4212 | D:5      | Bought 2 potions of curing for 84 gold pieces
  4212 | D:5      | Bought 2 potions of heal wounds for 140 gold pieces
  4294 | D:5      | Found a snail-covered altar of Cheibriados.
  4336 | D:5      | Found Vehy's Food Shop.
  4348 | D:5      | Found a basalt altar of Yredelemnul.
  4574 | D:5      | Found Pun Empekli's Magic Scroll Shoppe.
  5183 | D:6      | Reached ** piety under Trog
  5188 | D:6      | Found a staircase to the Ecumenical Temple.
  5219 | Temple   | Entered the Ecumenical Temple
  5415 | D:6      | Found a radiant altar of Vehumet.
  5417 | D:6      | Found a shadowy altar of Dithmenos.
  5650 | D:6      | Reached skill level 8 in Fighting
  5692 | D:6      | Reached XP level 9. HP: 55/81 MP: 7/9
  5985 | D:6      | Found an iron altar of Okawaru.
  6221 | D:6      | Found a runed translucent door.
  6221 | D:6      | Noticed TrashTierHero's ghost (novice FoFi)
  6641 | D:7      | Reached skill level 9 in Fighting
  6830 | D:7      | Reached skill level 10 in Axes
  7394 | D:8      | Reached XP level 10. HP: 93/93 MP: 10/10
  7458 | D:8      | Reached *** piety under Trog
  7472 | D:8      | Reached skill level 10 in Fighting
  7621 | D:8      | Noticed a gargoyle
  7921 | D:8      | Found a staircase to the Lair.
  8236 | D:8      | Paralysed by a hornet for 3 turns
  8688 | D:8      | Noticed a two-headed ogre
  8695 | D:8      | Killed a two-headed ogre
  8695 | D:8      | Reached skill level 10 in Armour
  8774 | D:8      | Found a hide-covered altar of Uskayaw.
  9186 | D:8      | Killed a gargoyle
  9186 | D:8      | Reached skill level 11 in Fighting
  9304 | D:9      | Noticed Maurice
  9310 | D:9      | Killed Maurice
  9398 | D:9      | Noticed a two-headed ogre
  9408 | D:9      | Killed a two-headed ogre
  9408 | D:9      | Reached XP level 11. HP: 102/102 MP: 11/11
 10062 | D:9      | Found a runed translucent door.
 10062 | D:9      | Noticed a six-headed hydra
 10062 | D:9      | Noticed a frost giant
 10064 | D:9      | Noticed a stone giant
 10064 | D:9      | Noticed a yaktaur captain
 10064 | D:9      | Noticed an orc knight
 10064 | D:9      | Noticed an ettin
 10064 | D:9      | Noticed a deep elf mage
 10271 | D:9      | Found a staircase to the Orcish Mines.
 10467 | D:10     | Entered Level 10 of the Dungeon
 10534 | D:10     | Reached **** piety under Trog
 10559 | D:10     | Noticed a two-headed ogre
 10566 | D:10     | Killed a two-headed ogre
 10566 | D:10     | Reached skill level 12 in Fighting
 10611 | D:10     | Noticed an orc knight
 10611 | D:10     | Noticed an unseen horror
 10612 | D:10     | Noticed an ogre mage
 10634 | D:10     | Killed an ogre mage
 10643 | D:10     | Killed an unseen horror
 10658 | D:10     | Killed an orc knight
 10728 | D:10     | Noticed an unseen horror
 10738 | D:10     | Killed an unseen horror
 10745 | D:10     | Reached skill level 1 in Evocations
 10807 | D:10     | Noticed a cyan ugly thing
 10820 | D:10     | Killed a cyan ugly thing
 11318 | D:10     | Noticed a manticore
 11333 | D:10     | Killed a manticore
 11333 | D:10     | Reached XP level 12. HP: 113/113 MP: 13/13
 11869 | D:11     | Noticed an eight-headed hydra
 12140 | D:11     | Killed an eight-headed hydra
 12354 | D:11     | Noticed a shock serpent
 12499 | D:11     | Reached skill level 13 in Fighting
 12718 | D:11     | Reached skill level 10 in Shields
 12999 | D:11     | Gained mutation: Your spells are a little easier to cast,
                  | but a little less powerful. [potion of mutation]
 12999 | D:11     | Gained mutation: You are clumsy. (Dex -2) [potion of
                  | mutation]
 12999 | D:11     | Gained mutation: Your flesh is heat resistant. (rF+)
                  | [potion of mutation]
 13000 | D:11     | Lost mutation: Your spells are a little easier to cast, but
                  | a little less powerful. [potion of mutation]
 13000 | D:11     | Lost mutation: Your flesh is heat resistant. (rF+) [potion
                  | of mutation]
 13000 | D:11     | Gained mutation: You are robust. (+10% HP) [potion of
                  | mutation]
 13535 | Lair:1   | Entered Level 1 of the Lair of Beasts
 14613 | Lair:2   | Reached skill level 5 in Evocations
 14668 | Lair:2   | Reached XP level 13. HP: 134/134 MP: 16/16
 14700 | Lair:2   | Found a frozen archway.
 14775 | IceCv    | Entered an ice cave
 14878 | IceCv    | Reached ***** piety under Trog
 14954 | IceCv    | Received a gift from Trog
 15650 | IceCv    | Found an ancient bone altar of Kikubaaqudgha.
 15874 | Lair:2   | Reached skill level 14 in Fighting
 16731 | Lair:3   | Reached skill level 15 in Axes
 17245 | Lair:3   | Found a radiant altar of Vehumet.
 17633 | Lair:3   | Found a staircase to the Shoals.
 18160 | Lair:4   | Reached XP level 14. HP: 132/146 MP: 19/19
 18274 | Lair:4   | Found a staircase to the Snake Pit.
 19729 | Lair:6   | Entered Level 6 of the Lair of Beasts
 19891 | Lair:6   | Noticed Rupert
 19902 | Lair:6   | Killed Rupert
 19945 | Lair:6   | Reached skill level 15 in Fighting
 20127 | Lair:6   | Reached skill level 1 in Dodging
 20277 | Lair:6   | Found a burning altar of Makhleb.
 20460 | Lair:6   | Found a viscous altar of Jiyva.
 20460 | Lair:6   | Found a staircase to the Slime Pits.
 20900 | Lair:6   | Found a gateway to Hell.
 20933 | Lair:6   | Got a fine iron ring
 20943 | Lair:6   | Identified the ring of Abogrutu {rC+ rN+ Int+3 Dex+2} (You
                  | found it on level 6 of the Lair of Beasts)
 21777 | D:12     | Found Mapseq's Food Shop.
 21785 | D:12     | Bought a ration for 65 gold pieces
 21785 | D:12     | Bought a ration for 65 gold pieces
 21785 | D:12     | Bought a ration for 65 gold pieces
 21785 | D:12     | Bought a ration for 65 gold pieces
 21785 | D:12     | Bought a ration for 65 gold pieces
 21785 | D:12     | Bought a ration for 65 gold pieces
 21785 | D:12     | Bought a ration for 65 gold pieces
 21785 | D:12     | Bought a ration for 65 gold pieces
 21785 | D:12     | Bought a ration for 65 gold pieces
 22041 | D:13     | Reached XP level 15. HP: 155/155 MP: 20/20
 22225 | D:13     | Found Terad's Magic Scroll Shop.
 22267 | D:13     | Bought 2 scrolls of magic mapping for 84 gold pieces
 22267 | D:13     | Bought a scroll of teleportation for 36 gold pieces
 22267 | D:13     | Bought a scroll of summoning for 114 gold pieces
 23019 | D:14     | Reached skill level 5 in Dodging
 23216 | Orc:1    | Entered Level 1 of the Orcish Mines
 23323 | Orc:1    | Received a gift from Trog
 23685 | Orc:2    | Entered Level 2 of the Orcish Mines
 23871 | Orc:2    | Found a staircase to the Elven Halls.
 24229 | Orc:2    | Found Xeseic's Weapon Boutique.
 24229 | Orc:2    | Found Samimase's Distillery.
 24382 | Orc:2    | Noticed Azrael
 24392 | Orc:2    | Killed Azrael
 24786 | Orc:2    | Found a roughly hewn altar of Beogh.
 24814 | Orc:2    | Bought a potion of curing for 42 gold pieces
 24814 | Orc:2    | Bought 2 potions of heal wounds for 140 gold pieces
 24814 | Orc:2    | Bought 2 potions of heal wounds for 140 gold pieces
 24814 | Orc:2    | Bought a potion of curing for 42 gold pieces
 24814 | Orc:2    | Bought a potion of curing for 42 gold pieces
 24814 | Orc:2    | Bought 2 potions of curing for 84 gold pieces
 24992 | Orc:2    | Found Lyffyuno's Book Boutique.
 24995 | Orc:2    | Received a gift from Trog
 25016 | Orc:2    | Found Oriz's Food Emporium.
 25843 | D:14     | Reached skill level 15 in Shields
 25843 | D:14     | Reached XP level 16. HP: 163/163 MP: 21/21
 26169 | D:14     | Found a gate to the Vaults.
 26436 | D:15     | Entered Level 15 of the Dungeon
 26681 | D:15     | Noticed a sphinx
 27164 | D:15     | Received a gift from Trog
 27168 | D:15     | Found a staircase to the Depths.
 27182 | D:15     | Identified the +6 fustibalus of Trog's Wrath {flame, rC++
                  | Str-5} (Trog gifted it to you on level 15 of the Dungeon)
 27736 | Snake:1  | Entered Level 1 of the Snake Pit
 27906 | Snake:1  | Found Xoezuyfe's Antique Armour Emporium.
 27907 | Snake:1  | Found Yrepp's Assorted Antiques.
 27908 | Snake:1  | Found Zoos's Jewellery Emporium.
 27909 | Snake:1  | Found Mugaso's Assorted Antiques.
 27920 | Snake:1  | Bought an uncursed ring of poison resistance for 320 gold
                  | pieces
 27930 | Snake:1  | Bought a runed cloak for 225 gold pieces
 27930 | Snake:1  | Bought a pair of bloodstained boots for 285 gold pieces
 27940 | Snake:1  | Identified the cursed +0 pair of boots of Plasticity
                  | {rCorr} (You bought it in a shop on level 1 of the Snake
                  | Pit)
 27943 | Snake:1  | Lost mutation: You are clumsy. (Dex -2) [potion of
                  | mutation]
 27943 | Snake:1  | Gained mutation: Armour fits poorly on your strangely
                  | shaped body. [potion of mutation]
 27943 | Snake:1  | Gained mutation: You have a somewhat thin skeletal
                  | structure. (Dex +2, Stealth) [potion of mutation]
 27943 | Snake:1  | Gained mutation: You are agile. (Dex +2) [potion of
                  | mutation]
 27944 | Snake:1  | Lost mutation: Armour fits poorly on your strangely shaped
                  | body. [potion of mutation]
 27944 | Snake:1  | Lost mutation: You are agile. (Dex +2) [potion of mutation]
 27944 | Snake:1  | Lost mutation: You are robust. (+10% HP) [potion of
                  | mutation]
 27944 | Snake:1  | Lost mutation: You have a somewhat thin skeletal structure.
                  | (Dex +2, Stealth) [potion of mutation]
 27944 | Snake:1  | Gained mutation: You expend magic power (3 MP) to
                  | strengthen your wands. [potion of mutation]
 27944 | Snake:1  | Gained mutation: You occasionally shout uncontrollably at
                  | your foes. [potion of mutation]
 27944 | Snake:1  | Gained mutation: You have a pair of small horns on your
                  | head. [potion of mutation]
 27945 | Snake:1  | Lost mutation: You have a pair of small horns on your head.
                  | [potion of mutation]
 27945 | Snake:1  | Lost mutation: You occasionally shout uncontrollably at
                  | your foes. [potion of mutation]
 27945 | Snake:1  | Lost mutation: You expend magic power (3 MP) to strengthen
                  | your wands. [potion of mutation]
 27945 | Snake:1  | Gained mutation: You are weak. (Str -2) [potion of
                  | mutation]
 27945 | Snake:1  | Gained mutation: You expend magic power (3 MP) to
                  | strengthen your wands. [potion of mutation]
 27946 | Snake:1  | Lost mutation: You expend magic power (3 MP) to strengthen
                  | your wands. [potion of mutation]
 27946 | Snake:1  | Lost mutation: You are weak. (Str -2) [potion of mutation]
 27946 | Snake:1  | Gained mutation: You are weak. (Str -2) [potion of
                  | mutation]
 27946 | Snake:1  | Gained mutation: You evolve. [potion of mutation]
 27979 | Snake:1  | Noticed Asterion
 27982 | Snake:1  | Noticed an Executioner
 28005 | Snake:1  | Killed Asterion
 29076 | Snake:2  | Noticed Louise
 29100 | Snake:2  | Killed Louise
 29193 | Snake:2  | Noticed Vashnia
 29248 | Snake:2  | Killed Vashnia
 29248 | Snake:2  | Reached skill level 10 in Evocations
 29417 | Snake:2  | Found Tobir's Specialty Armours.
 29456 | Snake:2  | Reached skill level 16 in Fighting
 29559 | Snake:2  | Noticed a nagaraja
 29575 | Snake:2  | Killed a nagaraja
 29655 | Snake:2  | Gained mutation: You have large cloven feet. [evolution]
 29856 | Snake:2  | Noticed a nagaraja
 30125 | Snake:2  | Killed a nagaraja
 30392 | Snake:3  | Reached XP level 17. HP: 158/158 MP: 24/24
 30785 | Snake:3  | Identified the cursed +1 dagger "Leviticus" {drain, *Contam
                  | Str+5 Dex+4}
 31062 | Snake:4  | Entered Level 4 of the Snake Pit
 31293 | Snake:4  | Received a gift from Trog
 31715 | Snake:4  | Reached skill level 17 in Fighting
 31727 | Snake:4  | Reached XP level 18. HP: 124/169 MP: 25/25
 31980 | Snake:4  | Noticed Agnes
 31989 | Snake:4  | Killed Agnes
 32114 | Snake:4  | Reached ****** piety under Trog
 32198 | Snake:4  | Received a gift from Trog
 32293 | Snake:4  | Found Huet's Antique Armour Emporium.
 32342 | Snake:4  | Reached skill level 15 in Armour
 32587 | Snake:4  | Got a serpentine rune of Zot
 32904 | Snake:1  | Bought the ring "Nezoneda" {rC+ MR+} for 601 gold pieces
 33004 | Shoals:1 | Entered Level 1 of the Shoals
 33020 | Shoals:1 | Noticed Nikola
 33032 | Shoals:1 | Killed Nikola
 33068 | Shoals:1 | Identified a scroll of acquirement
 33074 | Shoals:1 | Got a fine cloak
 33144 | Shoals:1 | Identified the -3 cloak of a Million Demons {rElec} (You
                  | acquired it on level 1 of the Shoals)
 33546 | Shoals:1 | Reached skill level 10 in Dodging
 33909 | Shoals:2 | Found a runed translucent door.
 33934 | Shoals:2 | Received a gift from Trog
 34026 | Shoals:2 | Lost mutation: You are weak. (Str -2) [evolution]
 34148 | Shoals:2 | Found Siexuczoe's Assorted Antiques.
 34165 | Shoals:2 | Bought a potion of heal wounds for 145 gold pieces
 34299 | Shoals:2 | Reached skill level 18 in Fighting
 35069 | Shoals:3 | Noticed Polyphemus
 35089 | Shoals:3 | Killed Polyphemus
 35166 | Shoals:3 | Received a gift from Trog
 35426 | Shoals:3 | Reached XP level 19. HP: 170/180 MP: 26/26
 36070 | Shoals:4 | Entered Level 4 of the Shoals
 36390 | Shoals:4 | Reached skill level 19 in Fighting
 36650 | Shoals:4 | HP: 17/183 [merfolk impaler/+0 trident (2)]
 36987 | Shoals:4 | Got a barnacled rune of Zot
 37737 | Vaults:1 | Entered Level 1 of the Vaults
 38429 | Vaults:1 | Received a gift from Trog
 38455 | Vaults:1 | Reached skill level 20 in Fighting
 38699 | Vaults:1 | Lost mutation: You evolve. [evolution]
 38827 | Vaults:1 | Reached XP level 20. HP: 101/194 MP: 27/27
 39898 | Vaults:2 | Reached skill level 21 in Fighting
 40002 | Vaults:2 | Gained mutation: You do not regenerate when monsters are
                  | visible. [a neqoxec]
 40005 | Vaults:2 | Gained mutation: Your magical capacity is low. (-10% MP) [a
                  | neqoxec]
 40664 | Vaults:2 | Found Neemm's Armour Shop.
 40727 | Vaults:2 | Found Hann's General Store.
 40920 | Vaults:2 | Received a gift from Trog
 41289 | Vaults:2 | Reached XP level 21. HP: 201/206 MP: 25/25
 41462 | Vaults:2 | Reached skill level 22 in Fighting
 41754 | Vaults:2 | Found Mylan's Gadget Boutique.
 41872 | Vaults:2 | Bought a +3 plate armour of fire resistance for 720 gold
                  | pieces
 42068 | Vaults:3 | Got a smoking tin ring
 42069 | Vaults:3 | Identified the ring "Pegryac" {rElec rF+ MR+ Str+2} (You
                  | found it on level 3 of the Vaults)
 42513 | Vaults:3 | Received a gift from Trog
 42689 | Vaults:3 | Found a staircase to the Crypt.
 42702 | Vaults:3 | Lost mutation: You do not regenerate when monsters are
                  | visible. [potion of mutation]
 42702 | Vaults:3 | Lost mutation: Your magical capacity is low. (-10% MP)
                  | [potion of mutation]
 42702 | Vaults:3 | Lost mutation: You have large cloven feet. [potion of
                  | mutation]
 42702 | Vaults:3 | Gained mutation: You possess an exceptional clarity of
                  | mind. [potion of mutation]
 42702 | Vaults:3 | Gained mutation: Your spells are a little harder to cast,
                  | but a little more powerful. [potion of mutation]
 43211 | Crypt:1  | Entered Level 1 of the Crypt
 43269 | Vaults:4 | Found Nineuty's Jewellery Shoppe.
 43271 | Vaults:4 | Found Usoapn's Assorted Antiques.
 43273 | Vaults:4 | Found Vaaquzof's Magic Scroll Shop.
 43274 | Vaults:4 | Found Onelenid's Antique Armour Emporium.
 43426 | Vaults:4 | Bought a scroll of fog for 20 gold pieces
 43426 | Vaults:4 | Bought a scroll of fear for 35 gold pieces
 43751 | Vaults:4 | Reached skill level 23 in Fighting
 44509 | Vaults:4 | Reached XP level 22. HP: 215/220 MP: 29/29
 45215 | Elf:1    | Entered Level 1 of the Elven Halls
 45546 | Elf:1    | Found Qalu's Assorted Antiques.
 45638 | Elf:1    | Received a gift from Trog
 45875 | Elf:1    | Found Ytuwn's Book Shoppe.
 45931 | Elf:1    | Found Kyif's Book Shop.
 46338 | Elf:2    | Found a runed translucent gate.
 46338 | Elf:2    | Found a runed translucent gate.
 46339 | Elf:2    | Found a runed translucent gate.
 46395 | Elf:2    | Found Rijynaiz's General Store.
 46583 | Elf:2    | Reached skill level 24 in Fighting
 47232 | Elf:2    | Received a gift from Trog
 47599 | Elf:3    | Entered Level 3 of the Elven Halls
 48536 | Depths:1 | Entered Level 1 of the Depths
 48611 | Depths:1 | You fall through a shaft!
 48618 | Depths:2 | Received a gift from Trog
 48630 | Depths:2 | Found Hahepiud's Elemental Accessories.
 48946 | Depths:1 | Reached XP level 23. HP: 173/232 MP: 30/30
 48955 | Depths:1 | HP: 22/232 [deep troll earth mage (18)]
 49703 | Depths:1 | Reached skill level 25 in Fighting
 49790 | Depths:1 | Found a runed translucent door.
 50613 | Depths:1 | Found a gateway to a ziggurat.
 51354 | Depths:2 | Found a large runed translucent door.
 51354 | Depths:2 | Found a large runed translucent door.
 51384 | Depths:2 | Reached skill level 26 in Fighting
 51384 | Depths:2 | Reached XP level 24. HP: 245/245 MP: 30/30
 51728 | Depths:2 | Found a one-way gate to the infinite horrors of the Abyss.
 51930 | Depths:2 | Received a gift from Trog
 52703 | Depths:3 | Reached XP level 25. HP: 247/255 MP: 30/30
 52841 | Depths:3 | Noticed a juggernaut
 52862 | Depths:3 | Killed a juggernaut
 53027 | Depths:3 | Found a one-way gate leading to the halls of Pandemonium.
 53086 | Depths:3 | Reached skill level 27 in Fighting
 53929 | Depths:4 | Paralysed by a floating eye for 3 turns
 54327 | Depths:4 | Noticed a juggernaut
 54327 | Depths:4 | a golden dragon changed into a juggernaut
 54334 | Depths:4 | a juggernaut changed into a frost giant
 54555 | Depths:4 | Received a gift from Trog
 55190 | Depths:4 | Identified Wipruy's Grimoire of Snow
 55496 | Depths:5 | Entered Level 5 of the Depths
 55509 | Depths:5 | Reached XP level 26. HP: 259/266 MP: 30/30
 55982 | Depths:5 | Found a shattered altar of Ashenzari.
 56009 | Depths:5 | Found Kulale's Gadget Boutique.
 56010 | Depths:5 | Found Peantemi's Jewellery Emporium.
 56010 | Depths:5 | Found Kela's Jewellery Emporium.
 56345 | Depths:5 | Received a gift from Trog
 56749 | Depths:5 | Found a gate to the Realm of Zot.
 57423 | Vaults:5 | Entered Level 5 of the Vaults
 57694 | Vaults:5 | Identified the +1 hat "Plog" {-Cast MR- rCorr Int+9} (You
                  | acquired it on level 5 of the Vaults)
 57887 | Vaults:5 | Identified Sif Muna's Papyrus of the Blistering Escort
 58137 | Vaults:5 | Identified the +9 broad axe of Sudden Death {speed, MR+
                  | Str-2 Int+4 Stlth+}
 58146 | Vaults:5 | Reached XP level 27. HP: 101/273 MP: 30/30
 58422 | Vaults:5 | Noticed an ancient lich
 58442 | Vaults:5 | Killed an ancient lich
 58442 | Vaults:5 | Reached skill level 15 in Dodging
 58659 | Vaults:5 | Found the +4 dagger "Morg" {pain, MR+ Int+5}
 58673 | Vaults:5 | Got a silver rune of Zot
 58822 | Vaults:5 | Identified the cursed +2 dire flail of Hayrgh Zalu {crush,
                  | MR+ MP+9}
 58859 | Vaults:4 | Received a gift from Trog
 58942 | Vaults:5 | Noticed a juggernaut
 58942 | Vaults:5 | a titan changed into a juggernaut
 58943 | Vaults:5 | a juggernaut changed into a caustic shrike
 59283 | Vaults:5 | Identified the cursed +0 plate armour of Kuzum {rC+} (You
                  | found it on level 5 of the Vaults)
 60276 | Zot:1    | Entered Level 1 of the Realm of Zot
 60327 | Zot:1    | Noticed an orb of fire
 60334 | Zot:1    | Gained mutation: Armour fits poorly on your strangely
                  | shaped body. [an orb of fire]
 60346 | Zot:1    | Killed an orb of fire
 63489 | Zot:3    | Noticed an orb of fire
 63923 | Zot:3    | Gained mutation: You are occasionally teleported next to
                  | monsters. [an orb of fire]
 63928 | Zot:3    | Lost mutation: Your spells are a little harder to cast, but
                  | a little more powerful. [an orb of fire]
 63939 | Zot:3    | Gained mutation: You do not regenerate when monsters are
                  | visible. [an orb of fire]
 63957 | Zot:3    | Gained mutation: Your body sometimes deteriorates upon
                  | taking damage. [an orb of fire]
 65209 | Zot:4    | Noticed an orb of fire
 65213 | Zot:4    | Gained mutation: You are clumsy. (Dex -2) [an orb of fire]
 65214 | Zot:4    | Lost mutation: You possess an exceptional clarity of mind.
                  | [an orb of fire]
 65238 | Zot:4    | HP: 24/273 [orb of fire/fireball (9)]
 65243 | Zot:4    | HP: 21/273 [poisoned by a green draconian (poison gas)]
 65245 | Zot:4    | Killed from afar by an orb of fire

Skill      XL: |  1  2  3  4  5  6  7  8  9 10 11 12 13 14 15 16 17 18 19 20 21 22 23 24 25 26 27 |
---------------+----------------------------------------------------------------------------------+-----
Axes           | 3 4 5 6 8 10 12 13 14 15 16 18 | 18.0
Fighting       | 4 5 6 8 9 11 12 13 14 15 16 17 18 20 21 23 24 26 27 | 27.0
Armour         | 4 5 6 7 9 10 11 13 14 15 16 17 18 19 20 21 22 25 | 25.0
Shields        | 4 5 6 9 11 13 14 15 16 17 18 19 20 22 23 25 | 25.5
Evocations     | 2 5 7 10 | 10.1
Dodging        | 4 6 9 10 14 15 | 15.3

Action                   |  1- 3 |  4- 6 |  7- 9 | 10-12 | 13-15 | 16-18 | 19-21 | 22-24 | 25-27 || total
-------------------------+-------+-------+-------+-------+-------+-------+-------+-------+-------++-------
Melee: War axe           |   139 |    64 |       |       |       |       |       |       |       ||   203
       Hand axe          |       |    82 |   444 |   859 |   919 |       |       |       |       ||  2304
       Broad axe         |       |       |       |       |   530 |  1168 |  1475 |  1134 |  1952 ||  6259
Throw: Stone             |    21 |    16 |    24 |   111 |    15 |    14 |    11 |     3 |     1 ||   216
       Tomahawk          |       |       |       |       |     2 |       |       |       |       ||     2
Invok: Berserk           |       |     2 |     7 |    12 |    25 |    18 |    11 |     4 |     4 ||    83
       Trog's Hand       |       |       |     1 |    13 |    22 |    20 |    31 |    25 |    47 ||   159
       Brothers in Arms  |       |       |       |     1 |     9 |     3 |    11 |     7 |    14 ||    45
Evoke: Wand              |       |       |       |     9 |    34 |    35 |    16 |     4 |     2 ||   100
       Lightning rod     |       |       |       |       |     1 |       |     4 |       |       ||     5
       Sack of spiders   |       |       |       |       |       |       |     3 |     1 |     2 ||     6
  Use: Scroll            |       |       |    10 |    14 |    13 |    16 |     8 |    11 |    29 ||   101
       Potion            |       |       |       |     3 |     1 |     6 |    17 |     9 |    20 ||    56
 Stab: Paralysed         |       |       |       |     2 |       |       |       |       |       ||     2
       Held in net/web   |       |       |       |       |     2 |       |       |       |       ||     2
       Petrified         |       |       |       |       |       |     1 |       |       |       ||     1
       Distracted        |       |       |       |       |       |       |     1 |       |     2 ||     3
       Fleeing           |       |       |       |       |       |       |       |     2 |     1 ||     3
       Confused          |       |       |       |       |       |       |       |     2 |       ||     2
       Invisible         |       |       |       |       |       |       |       |       |     2 ||     2
  Eat: Chunk             |     2 |     6 |    18 |    29 |    41 |    28 |    55 |    28 |    23 ||   230
       Ration            |       |       |     1 |     3 |     9 |     9 |     1 |     5 |    14 ||    42
Armor: Scale mail        |    75 |    55 |    68 |       |       |       |       |       |       ||   198
       Plate armour      |       |       |   119 |   376 |   642 |   406 |   463 |   460 |   816 ||  3282
Dodge: Dodged            |    43 |    29 |    92 |   189 |   348 |   213 |   284 |   303 |   646 ||  2147
Block: Shield            |    64 |    62 |   201 |   396 |   841 |   155 |       |       |       ||  1719
       Buckler           |       |       |       |       |     1 |       |       |       |       ||     1
       Large shield      |       |       |       |       |       |   886 |  1488 |  1209 |  2290 ||  5873
